 Dungeon Crawl Stone Soup version 0.29-a0-231-g945431f764 (webtiles) character file.

Game seed: 14211933965609703240

87 enile the Cleaver (level 4, -5/34 HPs)
             Began as a Gnoll Wanderer on Mar 1, 2022.
             Killed from afar by Ijyb (10 damage)
             ... with an iceblast
             ... on level 3 of the Dungeon.
             The game lasted 00:02:43 (3021 turns).

enile the Cleaver (Gnoll Wanderer)                  Turns: 3021, Time: 00:02:44

Health: -5/34      AC:  2    Str: 13    XL:     4   Next: 51%
Magic:  5/8        EV: 11    Int: 12    God:
Gold:   83         SH:  0    Dex: 11    Spells: 5/9 levels left

rFire   . . .      SeeInvis .   a - +1 hand axe
rCold   . . .      Faith    .   (no shield)
rNeg    . . .      Spirit   .   b - +0 robe
rPois   .          Reflect  .   (no helmet)
rElec   .          Harm     .   (no cloak)
rCorr   .          Rampage  .   (no gloves)
Will    .....                   (no boots)
Stlth   ++........              (no amulet)
HPRegen 0.11/turn               (no ring)
MPRegen 0.11/turn               (no ring)

@: no status effects
A: fangs 1, strong nose, distributed training
a: no special abilities


You were on level 3 of the Dungeon.
You visited 1 branch of the dungeon, and saw 3 of its levels.

You collected 83 gold pieces.

Inventory:

Hand Weapons
 a - a +1 hand axe (weapon)
Armour
 b - a +0 robe (worn)
Magical Staves
 f - a staff of earth
Jewellery
 k - a ring of wizardry
Scrolls
 d - a scroll of fear {unknown}
 e - 2 scrolls of immolation {unknown}
 i - a scroll of identify {unknown}
 j - a scroll of vulnerability {unknown}
Potions
 c - a potion of curing {unknown}
 g - 2 potions of heal wounds {unknown}
 h - a potion of berserk rage {unknown}


   Skills:
 + Level 2.7 Fighting
 + Level 1.1 Short Blades
 + Level 1.1 Long Blades
 + Level 8.5 Axes
 + Level 1.1 Maces & Flails
 + Level 1.1 Polearms
 + Level 1.1 Staves
 + Level 1.1 Slings
 + Level 1.1 Bows
 + Level 1.1 Crossbows
 + Level 1.1 Throwing
 + Level 1.1 Armour
 + Level 1.1 Dodging
 + Level 2.5 Stealth
 + Level 1.1 Shields
 + Level 1.1 Unarmed Combat
 + Level 3.0 Spellcasting
 + Level 0.9 Conjurations
 + Level 0.9 Hexes
 + Level 5.4 Summonings
 + Level 0.9 Necromancy
 + Level 0.9 Translocations
 + Level 0.9 Transmutations
 + Level 0.9 Fire Magic
 + Level 0.9 Ice Magic
 + Level 0.9 Air Magic
 + Level 0.9 Earth Magic
 + Level 0.9 Poison Magic
 + Level 1.2 Invocations
 + Level 1.1 Evocations


You had 5 spell levels left.
You knew the following spells:

 Your Spells              Type           Power      Damage    Failure   Level
a - Summon Small Mammal   Summ           56%        N/A       2%          1
b - Call Canine Familiar  Summ           14%        N/A       8%          3

Your spell library contained the following spells:

 Spells                   Type           Power      Damage    Failure   Level
 Call Imp                 Summ           14%        N/A       4%          2
 Portal Projectile        Hex/Tloc       8%         N/A       45%         3
 Summon Ice Beast         Ice/Summ       9%         N/A       54%         4
 Leda's Liquefaction      Hex/Erth       2%         N/A       86%         4


Dungeon Overview and Level Annotations

Branches:
Dungeon (3/15)

Altars:

Annotations:
D:3 Ijyb


Innate Abilities, Weirdness & Mutations

You have very sharp teeth.
Your uncanny sense of smell can sniff out nearby items.
Your experience applies equally to all skills.


Message History

Jessica closely misses you.
You climb upwards.
There is a stone staircase leading down here.
Casting: Call Canine Familiar (dangerous; 8% risk of failure)
Confirm with . or Enter, or press ? or * to list all spells.
Jessica misses you.
Your hound barely misses Jessica.
Jessica barely misses you.
Casting: Call Canine Familiar (dangerous; 8% risk of failure)
Confirm with . or Enter, or press ? or * to list all spells.
Your hound closely misses Jessica.
Jessica barely misses you.
Your hound barely misses Jessica.
Your hound closely misses Jessica.
Jessica hits you with a +0 club.
Your rat bites Jessica.
Casting: Summon Small Mammal (safe; 2% risk of failure)
Confirm with . or Enter, or press ? or * to list all spells.
Your hound closely misses Jessica.
Jessica hits you with a +0 club.
Your rat bites Jessica.
Your hound bites Jessica.
Jessica dies!
Your Spellcasting skill increases to level 3!
Your quokka disappears in a puff of smoke!
Your rat disappears in a puff of smoke!
Magic restored.
Your hound disappears in a puff of smoke!
HP restored.
Things that are here:
a +0 club; a +0 robe; the human corpse of Jessica
(D) Dungeon
Where to? (Enter - D:3, ? - help)
There is a stone staircase leading down here.
You climb downwards.
Level annotation: Ijyb Ijyb zaps a wand.
The mass of ice explodes!
The iceblast engulfs you!
There is a stone staircase leading up here.
Casting: Summon Small Mammal (safe; 2% risk of failure)
Confirm with . or Enter, or press ? or * to list all spells.
Ijyb zaps a wand.
The mass of ice explodes!
The iceblast engulfs you!
* * * LOW HITPOINT WARNING * * *
The iceblast engulfs your hound!
Ijyb zaps a wand.
The mass of ice explodes!
The iceblast engulfs you!
You die...

##rg..# #
####..h#.####.#
+.....b.......
#.@..g.# ##
##.#.#.# #.#
##..# #.###÷###
#.#.## #@h#
#.......# ∆
..####### #..#
#..# #..# ...#
#.##


You could see Ijyb (ally target) and a friendly hound (summoned).

Vanquished Creatures
  3 dart slugs
  An orc (D:2)
  5 endoplasms
  3 goblins
  3 hobgoblins
  6 bats
  3 frilled lizards
  2 kobolds (D:2)
  3 rats
29 creatures vanquished.

Vanquished Creatures (collateral kills)
  Jessica (D:2)
  2 adders (D:2)
  A quokka (D:1)
  2 ball pythons (D:2)
  A bat (D:1)
  2 frilled lizards (D:2)
  A rat (D:2)
10 creatures vanquished.

Grand Total: 39 creatures vanquished

Notes
Turn   | Place    | Note
-------+----------+-------------------------------------------
     0 | D:1      | enile the Gnoll Wanderer began the quest for the Orb.
     0 | D:1      | enile set off with the following items: a +1 hand axe, a +0
                  | robe; and the following spell memorised: Summon Small
                  | Mammal; and the following spells available to memorise:
                  | Call Imp, Summon Ice Beast
     0 | D:1      | Reached XP level 1. HP: 17/17 MP: 4/4
   340 | D:1      | Reached XP level 2. HP: 23/23 MP: 3/5
  1335 | D:2      | Reached XP level 3. HP: 22/28 MP: 2/7
  1892 | D:2      | Reached skill level 1 in Invocations
  2078 | D:2      | Reached skill level 1 in Short Blades
  2078 | D:2      | Reached skill level 1 in Long Blades
  2078 | D:2      | Reached skill level 1 in Maces & Flails
  2078 | D:2      | Reached skill level 1 in Polearms
  2078 | D:2      | Reached skill level 1 in Staves
  2078 | D:2      | Reached skill level 1 in Slings
  2078 | D:2      | Reached skill level 1 in Bows
  2078 | D:2      | Reached skill level 1 in Crossbows
  2078 | D:2      | Reached skill level 1 in Throwing
  2078 | D:2      | Reached skill level 1 in Armour
  2078 | D:2      | Reached skill level 1 in Dodging
  2078 | D:2      | Reached skill level 1 in Shields
  2078 | D:2      | Reached skill level 1 in Unarmed Combat
  2078 | D:2      | Reached skill level 1 in Evocations
  2561 | D:2      | Reached XP level 4. HP: 31/34 MP: 5/8
  2664 | D:2      | Learned a level 3 spell: Call Canine Familiar
  2773 | D:3      | Noticed Ijyb
  2777 | D:3      | Noticed Jessica
  2864 | D:2      | Killed Jessica
  3021 | D:3      | Killed from afar by Ijyb

Illustrated notes

Levels and vault maps discovered:
D:1:      saegor_arrival_simple_d, layout_loops_ring, grunt_decor_arrowhead
D:2:      minmay_skewed_foursquare, layout_rooms, serial_co_window_serial,
          co_window_of_opportunity_a, co_window_paths_a, co_window_corner_a,
          co_window_of_opportunity_a, co_window_paths_b, co_window_2corner,
          co_window_of_opportunity_c, co_window_of_opportunity_c,
          co_window_4corner_a, glass_columns_c, glass_columns_b
D:3:      layout_loops_corners, uniq_jessica, uniq_ijyb,
          uniq_crazy_yiuf_cottage, uniq_terence

Skill      XL: |  1  2  3  4 |
---------------+-------------+-----
Invocations    | 1 |  1.2
Short Blades   | 1 |  1.1
Long Blades    | 1 |  1.1
Maces & Flails | 1 |  1.1
Polearms       | 1 |  1.1
Staves         | 1 |  1.1
Slings         | 1 |  1.1
Bows           | 1 |  1.1
Crossbows      | 1 |  1.1
Throwing       | 1 |  1.1
Armour         | 1 |  1.1
Dodging        | 1 |  1.1
Shields        | 1 |  1.1
Unarmed Combat | 1 |  1.1
Evocations     | 1 |  1.1
Spellcasting   | 3 |  3.0
Fighting       | |  2.7
Axes           | |  8.5
Stealth        | |  2.5
Conjurations   | |  0.9
Hexes          | |  0.9
Summonings     | |  5.4
Necromancy     | |  0.9
Translocations | |  0.9
Transmutations | |  0.9
Fire Magic     | |  0.9
Ice Magic      | |  0.9
Air Magic      | |  0.9
Earth Magic    | |  0.9
Poison Magic   | |  0.9

Action                   |  1- 3 |  4- 6 || total
-------------------------+-------+-------++-------
Melee: Hand axe          |    71 |    10 ||    81
       Bite              |     3 |     1 ||     4
       Punch             |     1 |       ||     1
 Cast: Summon Small Mamm |    59 |     7 ||    66
       Call Canine Famil |       |     5 ||     5
 Stab: Distracted        |     1 |       ||     1
       Sleeping          |       |     2 ||     2
Armor: Robe              |    17 |     5 ||    22
Dodge: Dodged            |    47 |    11 ||    58

Table legend: (Time is in decaauts)
 A = Elapsed time spent in this place.
 B = Non-inter-level travel time spent in this place.
 C = Inter-level travel time spent in this place.
 D = Time resting spent in this place.
 E = Time spent auto-exploring this place.
 F = Levels seen in this place.
 G = Mean time per level.
                   A        B        C        D        E       F      G
               +--------+--------+--------+--------+--------+-----+--------+
         Total |   3013 |   2900 |    113 |     57 |   2476 |   3 | 1004.3 |
       Dungeon |   3013 |   2900 |    113 |     57 |   2476 |   3 | 1004.3 |
               +--------+--------+--------+--------+--------+-----+--------+

Top non-repeatable levels by time:
     D:2: 1692 daAuts
     D:1: 1235 daAuts
     D:3: 86 daAuts
